[Event "Late-Titled-Tuesday-Blitz-September-12-2023"]
[Site "Chess.com"]
[Date "2023.09.12"]
[Round "5"]
[White "andrzej"]
[Black "Hilary46"]
[Result "1-0"]
[WhiteElo "2429"]
[BlackElo "2545"]
[TimeControl "180+1"]
[EndTime "14:54:15 PDT"]
[Termination "andrzej won on time"]

1. e4 e5 2. Nf3 Nc6 3. Bb5 a6 4. Ba4 Nf6 5. O-O Nxe4 6. d4 b5 7. Bb3 d5 8. dxe5 Be6 9. c3 Bc5 10. Nbd2 O-O 11. Bc2 Nxf2 12. Rxf2 f6 13. Nf1 Bxf2+ 14.
Kxf2 fxe5 15. Kg1 Qd6 16. Qe1 e4 17. Nd4 Nxd4 18. cxd4 c5 19. Be3 c4 20. a3 Rf7 21.
Qg3 Qxg3 22. Nxg3 h6 23. h3 Bd7 24. Bd1 Kh7 25. Bh5 g6 26. Bg4 Bxg4 27. hxg4 a5 28.
Ne2 g5 29. Nc3 Rb8 30. Nxd5 Kg6 31. Bd2 Rd7 32. Ne3 Rxd4 33. Bxa5 Rd3 34. Re1 Rb7 35. Bc3 Rbd7 36. Kf2 h5 37. gxh5+ Kxh5 38. g4+ Kg6 39.
Ke2 Rh7 40. Rf1 Rh2+ 41. Rf2 Rxf2+ 42. Kxf2 Kf7 43. Nf5 Rf3+ 44. Kg2 Rf4 45. Ne3 Ke6 46. Bd2 Rf3 47. Nf5 Rd3 48. Bxg5 Ke5 49. Kf2 Rb3 50. Bc1 Rf3+ 51. Ke2 Rh3 52. Ne7 Rh2+ 53. Ke3 Rh3+ 54. Kf2 Rh1 55. Be3 Rh2+ 56. Kg3 Rxb2 57. Nc6+ Kd5 58.
Nb4+ Ke6 59. Kf4 Rb3 60. Kxe4 Rxa3 61. g5 Rb3 62. Nc6 Rb1 63. Nd4+ Kf7 64. Kf5 1-0

[Event "Late-Titled-Tuesday-Blitz-September-12-2023"]
[Site "Chess.com"]
[Date "2023.09.12"]
[Round "5"]
[White "OYAcosta"]
[Black "octopus_assassin"]
[Result "1-0"]
[WhiteElo "2215"]
[BlackElo "2349"]
[TimeControl "180+1"]
[EndTime "14:54:15 PDT"]
[Termination "OYAcosta won by resignation"]

1. d4 Nf6 2. Bf4 g6 3. e3 d6 4. Nf3 Bg7 5. Be2 O-O 6. O-O Nbd7 7. c4 Nh5 8. Bg5 h6 9. Bh4 g5 10. Nfd2 gxh4 11. Bxh5 Nf6 12. Bf3 e5 13. Nc3 Kh8 14.
Rc1 h3 15. g3 Bf5 16. e4 Bd7 17. d5 Nh7 18. Bg4 f5 19. Bxh3 Ng5 20. Bg2 f4 21. Nf3 Nh3+ 22. Kh1 Bg4 23. Qd3 h5 24. Nh4 fxg3 25.
Ng6+ Kh7 26. Nxf8+ Qxf8 27. Qxg3 Nf4 28. Bf3 Bh3 29.
Rg1 Qf6 30. Ne2 Nd3 31. Rc3 Nxf2+ 32. Qxf2 Rf8 33. Qg3 Bd7 34. Bxh5 Qh6 35. Bg6+ Kg8 36. Rf3 Bf6 37. Bf5+ Kf7 38. Bxd7 Qd2 39. Be6+ Ke7 40. Rf2 Kd8 41. Nc3 Qh6 42. Rxf6 Qxf6 43. Qg8 Rxg8 44. Rxg8+ Ke7 45. Ne2 Qf3+ 46. Rg2 Qf1+ 47. Ng1 Qxc4 48. Bf5 Qxa2 49. h4 Qxb2 50. Rxb2 b6 51. Rg2 Kf6 52.
h5 a5 53. h6 a4 54. h7 a3 55.
h8=Q+ Ke7 56. Qg7+ 1-0

[Event "Late-Titled-Tuesday-Blitz-September-12-2023"]
[Site "Chess.com"]
[Date "2023.09.12"]
[Round "5"]
[White "kaanadayhamle"]
[Black "RichardLeyvaP"]
[Result "1/2-1/2"]
[WhiteElo "2431"]
[BlackElo "2611"]
[TimeControl "180+1"]
[EndTime "14:54:19 PDT"]
[Termination "Game drawn by repetition"]

1. Nf3 Nf6 2. g3 g6 3. Bg2 Bg7 4. O-O O-O 5. d4 d6 6. Nc3 d5 7. Bf4 c6 8. Qd2 Ne4 9. Nxe4 dxe4 10. Ne5 f6 11. Nc4 Be6 12. Na3 f5 13. c3 Nd7 14.
Bh6 Nf6 15. Bxg7 Kxg7 16. f3 Bd5 17. c4 exf3 18. exf3 Bg8 19. d5 cxd5 20. c5 d4 21. Rad1 e5 22. f4 e4 23. Qxd4 Qxd4+ 24. Rxd4 Bxa2 25.
Rfd1 Bb3 26. R1d2 a6 27. Rb4 Bd5 28. Nc4 Bxc4 29. Rxc4 Rad8 30. Rcd4 Rxd4 31. Rxd4 Rc8 32. b4 a5 33. h3 h5 34. Kf2 axb4 35. Rxb4 Rxc5 36.
Rxb7+ Kh6 37. Bf1 h4 38. gxh4 Nh5 39. Rb6 Nxf4 40. Ke3 Nh5 41. Rb3 Rc1 42. Be2 Ng3 43.
Bb5 Nh5 44. Be8 Rh1 45. Kf2 Rc1 46. Rb6 Rc2+ 47. Ke3 Rc3+ 48. Kd2 Rg3 49. Ke2 Nf4+ 50. Kf2 Rxh3 51. h5 Kxh5 52. Rb7 Kg5 53. Rb6 Rf3+ 54. Kg1 Rc3 55. Ra6 Rc8 56. Bd7 Rd8 57. Bb5 e3 58. Kf1 Kg4 59. Ra2 Rd6 60. Ke1 Kf3 61. Bf1 g5 62. Ba6 Rb6 63. Kd1 Rb1+ 64. Kc2 Rb6 65.
Kd1 Rd6+ 66. Ke1 Rb6 67. Kd1 1/2-1/2

[Event "Late-Titled-Tuesday-Blitz-September-12-2023"]
[Site "Chess.com"]
[Date "2023.09.12"]
[Round "5"]
[White "kacprekt"]
[Black "KNVB"]
[Result "1-0"]
[WhiteElo "2507"]
[BlackElo "2752"]
[TimeControl "180+1"]
[EndTime "14:54:19 PDT"]
[Termination "kacprekt won by checkmate"]

1. e4 b6 2. g3 Bb7 3. Bg2 e6 4. Ne2 d5 5. d3 dxe4 6. Bxe4 Bxe4 7.
dxe4 Qxd1+ 8. Kxd1 Nc6 9. Be3 O-O-O+ 10. Kc1 Ne5 11. h3 Nf6 12. Nd2 Bb4 13. c3 Bc5 14. Bxc5 Nd3+ 15. Kc2 Nxc5 16. f3 h5 17. Rad1 Nd3 18.
Rhf1 h4 19. g4 g5 20. Nc4 Nf4 21. Nxf4 gxf4 22. Ne5 Rdf8 23. Nd3 Nh7 24. Nxf4 Ng5 25. e5 Rhg8 26. Rd3 f6 27. exf6 Rxf6 28. Nh5 Rff8 29. f4 Ne4 30. Re3 Nd6 31. Rxe6 Rf7 32. f5 Rg5 33. Nf4 Nxf5 34. gxf5 Rgxf5 35. Re4 Kb7 36. Kd3 Ra5 37. a3 Rb5 38. Rb4 Rg5 39. Rf3 c5 40. Re4 Ka6 41. Ke3 Rgf5 42. Rf2 Rg5 43. Ne2 Rd7 44. Rxh4 Rgd5 45. Nf4 Re5+ 46. Kf3 Rd1 47. Rh5 Ree1 48. h4 Kb5 49. Rg5 Ka4 50. h5 Rh1 51. Rg6 Kb3 52. h6 Rb1 53. Rgg2 Rbd1 54. Rh2 Rxh2 55. Rxh2 Rd8 56. h7 Rh8 57. Ng6 Rxh7 58. Rxh7 Kxb2 59. Rxa7 Kxc3 60. Rb7 Kb3 61.
Rxb6+ Kxa3 62. Ne5 Ka4 63. Rb1 c4 64. Ke2 c3 65.
Kd1 Ka3 66. Kc2 Ka2 67. Rb8 Ka3 68. Rb7 Ka4 69. Kxc3 Ka5 70. Kc4 Ka6 71. Rb1 Ka5 72.
Nd7 Ka6 73. Kc5 Ka7 74. Kc6 Ka6 75. Ra1# 1-0

[Event "Late-Titled-Tuesday-Blitz-September-12-2023"]
[Site "Chess.com"]
[Date "2023.09.12"]
[Round "5"]
[White "MikeSailer"]
[Black "Al_Shima"]
[Result "1-0"]
[WhiteElo "2187"]
[BlackElo "2338"]
[TimeControl "180+1"]
[EndTime "14:54:19 PDT"]
[Termination "MikeSailer won by checkmate"]

1. d4 e5 2. dxe5 Nc6 3. Nf3 Qe7 4. Bf4 Qb4+ 5. Bd2 Qxb2 6. Nc3 Bb4 7. Rb1 Qxc3 8. Bxc3 Bxc3+ 9. Nd2 Nxe5 10. e3 Nf6 11.
Bd3 d6 12. O-O O-O 13. Ne4 Nxe4 14. Bxe4 Rb8 15. Qe2 Be6 16. Rxb7 Rxb7 17. Bxb7 Bc4 18. Qd1 Rb8 19. Bd5 Bxf1 20. Kxf1 h5 21. h3 g6 22. f4 Nd7 23. Qd3 Bg7 24. Qxg6 Rf8 25. Qxh5 Nf6 26. Qf3 Re8 27. c4 Kf8 28. g4 Nd7 29.
Bc6 Re7 30. Bxd7 Rxd7 31. Qa8+ Ke7 32. Qxa7 Bc3 33. Ke2 Bb4 34. Qd4 Bc5 35. Qe4+ Kd8 36. Qa8+ Ke7 37. e4 Rd8 38. Qd5 Re8 39. Kf3 Kf8 40. h4 Rc8 41. h5 c6 42. Qg5 Ra8 43. e5 Ra3+ 44. Ke4 dxe5 45. fxe5 Rc3 46. Qd8+ Kg7 47. Qf6+ Kf8 48. Qxc6 Rxc4+ 49. Kf5 Rc3 50. h6 Rc2 51. Qc8+ Ke7 52. Qc7+ Ke8 53. Qc6+ Ke7 54. Qf6+ Ke8 55. Qc6+ Ke7 56. h7 Rf2+ 57. Ke4 Re2+ 58.
Kf4 Be3+ 59. Kf3 Rh2 60. Qf6+ Ke8 61. h8=Q+ Rxh8 62. Qxh8+ Ke7 63. Kxe3 Kd7 64. Qf6 Ke8 65.
Qc6+ Kf8 66. a4 Kg7 67. a5 Kh7 68. a6 Kg7 69. a7 Kh7 70. a8=Q Kg7 71. Qaa6 f5 72.
Qf6+ Kh7 73. Qb7+ Kg8 74. Qd8# 1-0

[Event "Late-Titled-Tuesday-Blitz-September-12-2023"]
[Site "Chess.com"]
[Date "2023.09.12"]
[Round "5"]
[White "MikaelyanArman"]
[Black "SpeedofLight0"]
[Result "1-0"]
[WhiteElo "2937"]
[BlackElo "3088"]
[TimeControl "180+1"]
[EndTime "14:54:27 PDT"]
[Termination "MikaelyanArman won on time"]

1. d4 d5 2. c4 dxc4 3. Nf3 c6 4. e3 b5 5. a4 e6 6. b3 a5 7. bxc4 b4 8. Bb2 Nf6 9. Nbd2 c5 10. Nb3 cxd4 11.
exd4 Bb7 12. Bd3 Be7 13. O-O O-O 14. Qe2 Nbd7 15. Rfe1 Bc6 16. d5 Nxd5 17. cxd5 Bxd5 18. Bc4 Nb6 19. Bxd5 Qxd5 20. Nbd4 Rfd8 21. Rad1 Qc4 22.
Qe4 Nxa4 23. Ne5 Qd5 24. Qf4 Nxb2 25. Qxf7+ Kh8 26. Qxe7 Re8 27. Qg5 Nxd1 28. Rxd1 b3 29. Nf7+ Kg8 30. Nh6+ Kh8 31. Nf7+ Kg8 32. Nh6+ Kf8 33.
Qf4+ Ke7 34. Ndf5+ Qxf5 35. Nxf5+ exf5 36. Qd6+ Kf7 37. Qd5+ Kf8 38. Qxf5+ Kg8 39. Qd5+ Kh8 40. Qxb3 a4 41.
Qa3 Ra7 42. h4 h6 43. g3 Rb8 44. Kg2 Kh7 45. Qc5 Rba8 46. Qf5+ Kh8 47. Rc1 a3 48. Rc8+ Rxc8 49. Qxc8+ Kh7 50. Qc5 Ra8 51. Qc6 Ra7 52. Qc2+ Kh8 53. Qa2 g6 54. Kf3 Kg7 55. Ke4 Kf6 56. f4 h5 57. Kd5 Kf5 58. Qc2+ Kf6 59.
Qc3+ Kf7 60. Qc5 Ra6 61. Qc7+ Kf6 62. Qd8+ Kg7 63. Qc8 Ra7 64. Qb8 Ra5+ 65. Ke6 Ra6+ 66. Ke5 Ra5+ 67. Ke6 Ra6+ 68. Kd5 Ra5+ 69. Kc4 Ra4+ 70.
Kb3 a2 71. Qe5+ Kh7 72. Kxa4 a1=Q+ 73. Qxa1 1-0

[Event "Late-Titled-Tuesday-Blitz-September-12-2023"]
[Site "Chess.com"]
[Date "2023.09.12"]
[Round "5"]
[White "jaldjald"]
[Black "ural58"]
[Result "0-1"]
[WhiteElo "2365"]
[BlackElo "2543"]
[TimeControl "180+1"]
[EndTime "14:54:28 PDT"]
[Termination "ural58 won by checkmate"]

1. e4 d5 2. exd5 Qxd5 3. Nc3 Qd6 4. d4 c6 5. Nf3 Bf5 6. Ne5 Nd7 7. Nc4 Qg6 8. Ne3 e6 9. Nxf5 Qxf5 10. Bd3 Qa5 11. O-O Ngf6 12. a3 Bd6 13. Ne4 Nxe4 14. Bxe4 Nf6 15.
Bf3 Rd8 16. Qe2 O-O 17. c4 Qc7 18. g3 c5 19. dxc5 Bxc5 20. Bf4 Bd6 21. Bxd6 Rxd6 22. Rad1 Rfd8 23. b4 b6 24. Rxd6 Qxd6 25. Rd1 Qxd1+ 26. Qxd1 Rxd1+ 27. Bxd1 Ne4 28. Bc2 Nd2 29. Bd3 Nf3+ 30.
Kf1 Nxh2+ 31. Ke2 Ng4 32. f4 Nf6 33. Ke3 Kf8 34. c5 bxc5 35. bxc5 Ke7 36. Kd4 Kd7 37. Bb5+ Kc7 38. a4 Nh5 39. Be8 Nxg3 40. Bxf7 Kd7 41. Ke5 Kc6 42. Kd4 Nf5+ 43. Kc4 Ne3+ 44. Kd4 Ng2 45. Be8+ Kc7 46. Ke5 g6 47. a5 Kd8 48.
Bf7 Ke7 49. Bxe6 Nxf4 50. Bg8 Nd3+ 51. Kd4 Nb4 52. Bxh7 Kf6 53. Bxg6 Kxg6 54. Ke5 Nc6+ 55. Kd6 Nxa5 56. c6 Nc4+ 57. Kc5 Nb6 58. c7 Kf7 59. Kb5 Nc8 60. Ka6 Ke7 61. Kb7 Kd7 62. Ka6 Kxc7 63. Ka5 Kb7 64. Kb5 a6+ 65. Ka5 Ka7 66. Kb4 Kb6 67. Ka4 a5 68. Ka3 Kb5 69. Kb3 a4+ 70. Ka3 Ka5 71. Ka2 Kb4 72. Kb2 a3+ 73. Ka2 Nb6 74.
Ka1 Kb3 75. Kb1 Nd5 76. Ka1 Nb4 77. Kb1 a2+ 78. Ka1 Nc2# 0-1

[Event "Late-Titled-Tuesday-Blitz-September-12-2023"]
[Site "Chess.com"]
[Date "2023.09.12"]
[Round "5"]
[White "Efremov_Vlad"]
[Black "cukin84"]
[Result "0-1"]
[WhiteElo "2353"]
[BlackElo "2233"]
[TimeControl "180+1"]
[EndTime "14:54:29 PDT"]
[Termination "cukin84 won by checkmate"]

1. e4 c6 2. d4 d5 3. e5 c5 4. dxc5 e6 5. Nf3 Bxc5 6. a3 a5 7. Bd3 Ne7 8. O-O Ng6 9. Re1 Nc6 10. Nc3 O-O 11. Nb5 b6 12. b3 Ba6 13. Bb2 Bxb5 14.
Bxb5 Qc7 15. Qd2 Rfd8 16. h4 d4 17. h5 Nge7 18. Bd3 Nf5 19. Bxf5 exf5 20. Qg5 g6 21. Qf6 Be7 22. hxg6 Bxf6 23. gxh7+ Kh8 24. exf6 Qf4 25. Bc1 Qg4 26. Ng5 Rf8 27. f3 Qg3 28. Bd2 f4 29. Nh3 Kxh7 30. Bxf4 Qg6 31. Kf2 Qxf6 32. Rh1 Kg6 33.
Rae1 Rae8 34. Rd1 Qh4+ 35. g3 Qe7 36. Ng1 Rh8 37. Rxh8 Rxh8 38. Re1 Qc5 39. Kf1 Rh1 40. Kg2 Rh7 41. Re2 f6 42. Bc1 Ne5 43. Nh3 Rxh3 44.
Kxh3 Nxf3 45. Kg2 Qc6 46. Kf2 Ne5 47. Bf4 Qf3+ 48. Ke1 Qh1+ 49. Kd2 Nf3+ 50. Kd3 Qd1+ 51. Bd2 Nxd2 52. Rxd2 Qf1+ 53. Kxd4 f5 54. Rd3 Kg5 55. Kc3 Qf2 56. b4 axb4+ 57. axb4 Qe1+ 58. Kb3 Qb1+ 59. Kc3 b5 60. Re3 Qa1+ 61. Kb3 Qb1+ 62. Kc3 Qa2 63. Rd3 Qa3+ 64. Kd2 Qxb4+ 65. Ke2 Qc4 66. Kd2 b4 67. Rb3 Kg4 68. Rd3 Qe4 69. Kc1 Qe1+ 70. Kb2 Qxg3 71. Rd4+ f4 72. Rxb4 Qe1 73. Rb8 Qe5+ 74.
c3 Qxb8+ 75. Kc2 Qc7 76. Kd2 f3 77. Ke1 Kg3 78. Kf1 Qxc3 79. Kg1 Qe1# 0-1

[Event "Late-Titled-Tuesday-Blitz-September-12-2023"]
[Site "Chess.com"]
[Date "2023.09.12"]
[Round "5"]
[White "xozr"]
[Black "Joshukid"]
[Result "0-1"]
[WhiteElo "2370"]
[BlackElo "2544"]
[TimeControl "180+1"]
[EndTime "14:54:38 PDT"]
[Termination "Joshukid won on time"]

1. e4 e5 2. Nf3 Nc6 3. Bc4 Nf6 4.
d3 Bc5 5. O-O d6 6. c3 O-O 7. a4 a5 8. h3 h6 9. Re1 Be6 10.
Bxe6 fxe6 11. Qb3 Qd7 12. Nbd2 Nh5 13. Nf1 Rf6 14. Qc4 Raf8 15. d4 exd4 16. cxd4 Rxf3 17. gxf3 Nxd4 18. Nh2 Qf7 19. Be3 Qg6+ 20. Kh1 Nxf3 21. Rg1 Nxg1 22. Rxg1 Qf6 23. Bxc5 dxc5 24. Qxc5 Nf4 25.
Qe3 Qh4 26. Rg4 Qf6 27. Rg1 Qxb2 28. Ng4 Kh8 29. e5 Qe2 30. Kh2 Qxe3 31. Nxe3 Nd3 32.
Rg6 Nxe5 33. Rxe6 Nd3 34. Kg3 Nxf2 35. Re7 Nd3 36. Rxc7 Nb2 37. Rxb7 Nxa4 38. Nc4 Nc5 39. Re7 a4 40. Re5 Nb3 41. Rb5 Ra8 42. Na3 Nd4 43.
Rb4 Nb3 44. h4 Kh7 45. Kg4 Ra5 46. h5 Nd2 47. Rd4 Rg5+ 48. Kf4 Nb3 49. Rxa4 Rxh5 50. Kg3 Rg5+ 51. Kh2 Nc5 52. Ra5 Ne4 53. Ra7 h5 54.
Nc4 Nf6 55. Ne3 Ng4+ 56. Nxg4 Rxg4 57. Ra5 g6 58. Kh3 Kh6 59. Ra6 Rb4 60. Ra8 Rb3+ 61. Kh2 h4 62. Ra7 Kh5 63. Ra4 g5 64. Ra5 Rb2+ 65. Kh1 h3 66. Ra8 Kh4 67. Ra3 g4 68. Ra4 Rc2 69. Rb4 Kg5 70. Ra4 Rf2 0-1

[Event "Late-Titled-Tuesday-Blitz-September-12-2023"]
[Site "Chess.com"]
[Date "2023.09.12"]
[Round "5"]
[White "vi_pranav"]
[Black "azikom"]
[Result "1-0"]
[WhiteElo "2988"]
[BlackElo "2655"]
[TimeControl "180+1"]
[EndTime "14:54:48 PDT"]
[Termination "vi_pranav won on time"]

1. e4 Nf6 2. e5 Nd5 3. d4 d6 4. Nf3 dxe5 5. Nxe5 c6 6. Bd3 Nd7 7. O-O Nxe5 8. dxe5 Nb4 9. Be4 Qxd1 10. Rxd1 f5 11.
exf6 exf6 12. a3 Na6 13. Nc3 Nc5 14. Bf3 Bf5 15. b4 Nd7 16. Be4 Bg6 17. Bf4 O-O-O 18. Rd3 Nb6 19. Rxd8+ Kxd8 20. Rd1+ Kc8 21. Be3 Bxe4 22.
Nxe4 Be7 23. Kf1 Rd8 24. Rxd8+ Kxd8 25. Bxb6+ axb6 26. Ke2 b5 27. Kd3 f5 28. Nd2 Bf6 29. c4 Bb2 30. cxb5 cxb5 31. Nb3 Bxa3 32. Kc3 g6 33. Nd4 Bc1 34. Nxb5 Kd7 35. Kc4 Bd2 36. Nd4 Be1 37. f3 Kd6 38. Nb3 Bf2 39. Na5 b6 40. Nb3 Bg1 41. h3 Kc6 42. Nc1 b5+ 43.
Kd3 Bf2 44. Ne2 Be1 45. Nd4+ Kb6 46. Nc2 Bf2 47. g4 h5 48. gxh5 gxh5 49. Ke2 Bg1 50. Ne3 Kc6 51. Nxf5 Kd5 52. Kd3 Bf2 53. f4 Be1 54.
Ne3+ Ke6 55. Nc2 Bg3 56. Ke4 Kf6 57. Nd4 Be1 58. Nc2 Bc3 59. Ne3 Ke6 60. Nd5 Be1 61. Nc7+ Kf6 62. f5 Bd2 63. Nd5+ Kf7 64. Kd4 1-0

[Event "Late-Titled-Tuesday-Blitz-September-12-2023"]
[Site "Chess.com"]
[Date "2023.09.12"]
[Round "5"]
[White "Chessdude1987"]
[Black "Andrej2004"]
[Result "1-0"]
[WhiteElo "2437"]
[BlackElo "2547"]
[TimeControl "180+1"]
[EndTime "14:55:02 PDT"]
[Termination "Chessdude1987 won by resignation"]

1. e4 c5 2. Nf3 g6 3. d4 cxd4 4. c3 d5 5. exd5 Qxd5 6. cxd4 Nf6 7. Nc3 Qa5 8. Bc4 Bg7 9. Ne5 O-O 10. O-O Nc6 11. Re1 e6 12. Bf4 Rd8 13. Nxc6 bxc6 14. Be5 Bb7 15. Qf3 Ne8 16. b4 Qxb4 17. Bxe6 fxe6 18.
Rab1 Qe7 19. Ne4 c5 20. Rxb7 Qf8 21. Qh3 Qf5 22. g4 Qf8 23. Nxc5 Rd6 24. Bxd6 Qxd6 25.
Nxe6 Qc6 26. Rb3 Bf6 27. g5 Be7 28. Nf4 Bd6 29. Qe6+ Kh8 30. d5 Qc7 31. Nxg6+ hxg6 32. Rh3+ Kg7 33. Rh6 Qf7 34. Rh7+ Kxh7 35. Qxf7+ Ng7 36. Qd7 Bf4 37. Qc6 Rf8 38. Re7 Bxg5 39. Rxg7+ Kxg7 40. Qd7+ Rf7 41. Qc6 Bf4 42. d6 Rf6 43. d7 Rxc6 44.
d8=Q Rf6 45. Kh1 Rf7 46. Qd4+ Kh6 47. Qd5 g5 48. h3 Rf6 49. Kg2 Kg6 50. Qe4+ Kf7 51. a4 Bc7 52. Qd5+ Ke7 53. Qxg5 Bb6 54. Qg7+ Ke6 55. Qg8+ Ke5 56. Qe8+ Re6 57. Qh8+ Kf5 58. Qf8+ Rf6 59. Qe8 Kg5 60. Qe4 Rf5 61. h4+ Kf6 62. f4 Rc5 63. Kg3 Rc3+ 64. Kg4 Re3 65. Qf5+ Ke7 66. h5 Re1 67. Kg5 Rg1+ 68. Kh6 Kd6 69. Qe5+ Kc6 70. f5 Rg4 71. Qe6+ Kc5 72. f6 Bd8 73. f7 Bg5+ 74. Kh7 Rf4 75. Qe8 Rf6 76. f8=Q+ Kc4 77. Qxf6 Bxf6 78. Qf7+ Kb4 79.
Qxf6 Kxa4 80. Kg7 a5 81. h6 Ka3 82. h7 a4 83. h8=Q Ka2 84. Qa6 a3 85. Qxa3+ Kxa3 86. Kf7 Kb3 87. Qd4 Ka2 88. Qc3 Kb1 89. Qd2 Ka1 90.
Ke6 Kb1 91. Kd5 Ka1 1-0

[Event "Late-Titled-Tuesday-Blitz-September-12-2023"]
[Site "Chess.com"]
[Date "2023.09.12"]
[Round "5"]
[White "Fandorine"]
[Black "thedjoker98"]
[Result "1/2-1/2"]
[WhiteElo "2895"]
[BlackElo "2623"]
[TimeControl "180+1"]
[EndTime "14:55:07 PDT"]
[Termination "Game drawn - insufficient material"]

1. Nf3 d5 2. c4 e6 3. g3 Nf6 4. Bg2 Be7 5. O-O O-O 6. b3 d4 7.
Bb2 c5 8. e3 Nc6 9. exd4 cxd4 10. Re1 a5 11. Ne5 Nxe5 12. Rxe5 Nd7 13. Rb5 Nc5 14.
Ba3 Qc7 15. d3 Ra7 16. Bb2 e5 17. Na3 Bd7 18. Qe2 Ra6 19. Bxd4 Bxb5 20. Nxb5 Qd8 21.
Bxc5 Bxc5 22. Bxb7 Re6 23. Kg2 Qf6 24. Bd5 Re7 25. Rf1 g6 26. h4 Kg7 27. Nc3 Bd4 28. Nb5 Bc5 29. h5 Qg5 30. Nc3 f5 31. Bc6 Re6 32.
Bd5 Re7 33. Rh1 Bd4 34. Nb5 Bc5 35. h6+ Kh8 36. Qf3 Rf6 37. Nc3 Bd4 38. Ne2 e4 39. Qf4 Qxf4 40. Nxf4 exd3 41. Nxd3 g5 42. c5 f4 43. gxf4 gxf4 44. Kf3 Rf5 45. Be4 Rg5 46. c6 Bb6 47. Rd1 Rh5 48. Nb2 Rxh6 49. Nc4 Bc7 50. Bf5 Rf6 51. Rd5 Rxc6 52. Nxa5 Bxa5 53. Rxa5 Rf6 54. Kxf4 Re2 55. f3 Kg7 56. b4 h5 57. a4 Rb2 58. b5 h4 59. Ra7+ Kg8 60. Kg5 Rf8 61. Be6+ Kh8 62. Kxh4 Rxf3 63. Bg4 Rf8 64.
Kh5 Rd2 65. b6 Rd5+ 66. Kh4 Rd4 67. Kh5 Rd5+ 68. Kh4 Rd4 69. Ra5 Rff4 70. Rh5+ Kg7 71. Rg5+ Kf6 72. b7 Rb4 73. Kh5 Rxb7 74. Rg6+ Ke5 75.
Re6+ Kd5 76. Rg6 Rh7+ 77. Kg5 Rf1 78. Be6+ Kc5 79. a5 Rg1+ 80. Bg4 Kb5 81. a6 Ra7 82. Kh6 Rxg4 83. Rxg4 Rxa6+ 84. Kh5 Rc6 85. Rg5+ Rc5 86. Rxc5+ Kxc5 1/2-1/2

[Event "Late-Titled-Tuesday-Blitz-September-12-2023"]
[Site "Chess.com"]
[Date "2023.09.12"]
[Round "5"]
[White "Arystanner"]
[Black "vugarrasulov"]
[Result "1-0"]
[WhiteElo "2838"]
[BlackElo "2940"]
[TimeControl "180+1"]
[EndTime "14:55:39 PDT"]
[Termination "Arystanner won by checkmate"]

1. d4 d5 2. c4 c5 3. cxd5 Qxd5 4. Nf3 cxd4 5. Nc3 Qa5 6. Nxd4 Nf6 7. Nb3 Qc7 8. g3 Qc6 9. e4 a6 10. Bg2 e5 11. O-O Bg4 12. Qd3 Nbd7 13. Be3 Bb4 14. Rac1 Bxc3 15. Rxc3 Qe6 16. Rc7 O-O 17. Rfc1 Bh3 18.
Rxb7 Bxg2 19. Kxg2 h5 20. Qc4 Qg4 21. f3 Qg6 22.
Qc6 Rad8 23. h4 Nb8 24. Qc4 Kh7 25. Bg5 Nbd7 26. Qxa6 Ra8 27. Qd6 Rxa2 28. Rc2 Rfa8 29. Rxd7 Nxd7 30. Qxd7 Rb8 31. Qd5 Qb6 32. Nd2 Rxb2 33.
Rxb2 Qxb2 34. Qxf7 Qb5 35. Qxh5+ Kg8 36. Qg6 Rf8 37.
Qe6+ Kh7 38. Qc4 Qb2 39. Qd5 Rc8 40. Qd7 Rb8 41. h5 Qb7 42. Qxb7 Rxb7 43. Nc4 Rb5 44. g4 Kg8 45. Bh4 Rc5 46. Ne3 Kf7 47. Bg3 Ke6 48.
Nf5 Kf6 49. Bh4+ Kf7 50. Nd6+ Ke6 51. Nf5 Kf7 52. Bg5 Rc2+ 53. Kg3 Rc6 54. Be3 Ra6 55. g5 g6 56. hxg6+ Kxg6 57. Nh4+ Kh5 58. Nf5 Ra1 59. Ne7 Ra3 60. Bc5 Ra5 61. Bb4 Rb5 62. Bd2 Rb2 63. Be3 Rb3 64. Nd5 Rb1 65. Nf6+ Kg6 66. Ng4 Kh5 67. g6 Kxg6 68. Nxe5+ Kh5 69.
Ng4 Kg6 70. Kf4 Kh5 71. Kf5 Rf1 72. Nf6+ Kh4 73. f4 Kg3 74. e5 Kf3 75. Nd5 Rd1 76.
Ke6 Ra1 77. f5 Ke4 78. f6 Ra5 79. f7 Rxd5 80. f8=Q Rxe5+ 81. Kd6 Rd5+ 82. Kc6 Rf5 83. Qe7+ Re5 84. Qa3 Re6+ 85. Kd7 Re5 86. Bc5 Rd5+ 87. Bd6 Rd3 88. Qb4+ Rd4 89. Qb1+ Rd3 90. Ke6 Kd4 91. Bc5+ Kc4 92. Qc2+ Rc3 93. Qf2 Kb3 94. Kd5 Rc2 95.
Qe1 Rc3 96. Qb1+ Ka4 97. Qb4# 1-0

[Event "Late-Titled-Tuesday-Blitz-September-12-2023"]
[Site "Chess.com"]
[Date "2023.09.12"]
[Round "5"]
[White "Giantgoogachess"]
[Black "BigAl"]
[Result "1/2-1/2"]
[WhiteElo "2387"]
[BlackElo "2542"]
[TimeControl "180+1"]
[EndTime "14:55:42 PDT"]
[Termination "Game drawn by stalemate"]

1. d4 Nf6 2. c4 g6 3. Nc3 Bg7 4. e4 O-O 5. Be2 d6 6. Be3 c5 7.
d5 b5 8. cxb5 a6 9. a4 Qa5 10. Qd2 axb5 11. Bxb5 Ba6 12. Bxa6 Qxa6 13. Nf3 Nbd7 14. Qe2 Qa5 15. O-O Rfb8 16. Rfb1 Rb4 17. Bd2 Qb6 18. a5 Rxa5 19. Rxa5 Qxa5 20. Nd1 Qa2 21.
Nc3 Qa8 22. h3 h6 23. e5 dxe5 24. Nxe5 Nxe5 25. Qxe5 Qb7 26. d6 exd6 27. Qxd6 Rd4 28. Qxc5 Rxd2 29. b4 Nd7 30. Qe3 Rd6 31. Qe7 Re6 32.
Qd8+ Kh7 33. Rd1 Nf6 34. b5 Nh5 35. Nd5 Qxb5 36. Ne7 Nf6 37. Nd5 Nxd5 38. Rxd5 Qe2 39. Rd1 Rf6 40. Rf1 Rf4 41. g3 Rxf2 42. Rxf2 Qe1+ 43.
Kg2 Qe4+ 44. Kh2 f5 45. Qd2 h5 46. Qe2 Qd4 47. Qf3 Be5 48. Re2 h4 49. Kg2 hxg3 50. Qb7+ Kh6 51. Qa8 Bd6 52. Qf3 f4 53. h4 Bc5 54.
Re4 Qg1+ 55. Kh3 Bd6 56. Rxf4 Bxf4 57. Qxf4+ Kh5 58. Qg4+ Kh6 59. Qg5+ Kh7 60. Qe7+ Kh6 61. Qg5+ Kg7 62. Qe5+ Kf7 63. Qxg3 Qf1+ 64. Qg2 Qf5+ 65. Qg4 Qd3+ 66. Qg3 Qd1 67. Qg2 Kg7 68. Qg4 Qh1+ 69. Kg3 Kh6 70. Qg5+ Kh7 71. Qe7+ Kh6 72. Qg5+ Kg7 73.
Qe7+ Kg8 74. Qe8+ Kg7 75. Qe7+ Kh8 76. Qf6+ Kh7 77. Qg5 Qe1+ 78. Kg4 Qe6+ 79. Kg3 Qc6 80. Qe7+ Kg8 81. Qd8+ Kf7 82. Qg5 Qd7 83. Qf4+ Kg7 84.
Qe5+ Kh6 85. Qg5+ Kh7 86. Qg4 Qd3+ 87. Qf3 Qd6+ 88. Qf4 Qd5 89. Qc7+ Kh6 90. Qf4+ Kg7 91. Qf3 Qe5+ 92. Qf4 Qe1+ 93. Kg4 Qh1 94. Qe5+ Kh7 95. Qe7+ Kh6 96. Qf8+ Kh7 97. Qf7+ Kh8 98. Kg5 Qc1+ 99. Kxg6 Qh6+ 100. Kxh6 1/2-1/2

[Event "Late-Titled-Tuesday-Blitz-September-12-2023"]
[Site "Chess.com"]
[Date "2023.09.12"]
[Round "5"]
[White "Vaibhavraut99"]
[Black "Igor_Lysyj"]
[Result "1/2-1/2"]
[WhiteElo "2579"]
[BlackElo "2840"]
[TimeControl "180+1"]
[EndTime "14:55:44 PDT"]
[Termination "Game drawn - insufficient material"]

1. e4 e5 2. Nf3 Nc6 3. Bc4 Bc5 4. c3 Nf6 5. d3 d6 6. h3 a5 7. a4 h6 8. Nbd2 O-O 9. O-O Be6 10. Re1 Bxc4 11.
Nxc4 Re8 12. Be3 Bxe3 13. Nxe3 d5 14. Qb3 dxe4 15. dxe4 Qc8 16. Nd5 Re6 17. Rad1 Kh7 18. Rd2 Nh5 19. Ne3 Nf4 20. Kh2 b6 21. Nf5 Rf6 22. g3 Nxh3 23. Kxh3 g6 24. Nh4 gxf5 25. Nxf5 Ne7 26. g4 h5 27. f3 Ng6 28. Rh1 Nf4+ 29.
Kg3 Qe6 30. Qb5 Rg8 31. Qd7 c6 32. Rd6 Qxd7 33. Rxd7 Re8 34. Rc7 Rd8 35. Kh4 Kg6 36.
gxh5+ Kh7 37. Rg1 Ne6 38. Rxc6 Rd2 39. b4 Rh2+ 40. Kg3 Rxh5 41. Rxb6 Rg6+ 42. Kf2 Rh2+ 43. Kf1 axb4 44. Rxg6 Kxg6 45. cxb4 Ra2 46. a5 Kg5 47. a6 Kf4 48. b5 Kxf3 49. Nh4+ Kxe4 50. Rb7 Nc5 51. Rxf7 Nxa6 52. bxa6 Rxa6 53. Rf2 Ra1+ 54. Kg2 Rd1 55. Nf3 Ra1 56. Nd2+ Kd3 57. Nf3 Ra8 58. Nxe5+ Kc3 59. Nf3 Rg8+ 60. Kf1 Kc4 61. Rd2 Kc5 62. Kf2 Kc4 63. Ne5+ Kc5 64. Ke3 Re8 65. Ke4 Kb4 66.
Rd4+ Kb3 67. Rd5 Rh8 68. Nf3 Kc2 69. Ke3 Re8+ 70. Ne5 Rh8 71. Rc5+ Kb3 72. Kd4 Kb4 73. Rc4+ Kb5 74. Kd5 Rh5 75. Rc5+ Kb4 76. Rc1 Kb3 77. Kd4 Rh4+ 78. Ke3 Rh3+ 79. Nf3 Rh5 80. Rc7 Rh3 81. Ke2 Rh5 82. Kd3 Rh3 83. Rb7+ Ka4 84. Rf7 Kb5 85.
Kc3 Rh1 86. Nd4+ Kc5 87. Rf5+ Kd6 88. Rf6+ Ke5 89. Re6+ Kd5 90. Re2 Rh3+ 91. Nf3 Rxf3+ 92. Kd2 Rf4 93. Rh2 Rd4+ 94. Ke3 Re4+ 95. Kd3 Re5 96.
Rh4 Rg5 97. Rd4+ Ke6 98. Re4+ Re5 99. Re3 Rxe3+ 100. Kxe3 1/2-1/2